 Dungeon Crawl Stone Soup version 0.27.1-1-g398f81649c (webtiles) character file.

Game seed: 11028126625610225530

575 BOMJPIETVODKU the Firebug (level 7, 0/51 HPs)
             Began as a Gnoll Fire Elementalist on Sept 6, 2021.
             Slain by an orc (2 damage)
             ... on level 4 of the Dungeon.
             The game lasted 00:11:02 (4762 turns).

BOMJPIETVODKU the Firebug (Gnoll Fire Elementalist) Turns: 4762, Time: 00:11:02

Health: 0/51       AC:  6    Str:  7    XL:     7   Next: 35%
Magic:  5/15       EV: 13    Int: 17    God:
Gold:   95         SH:  0    Dex:  9    Spells: 16/17 levels left

rFire    . . .     SeeInvis .   f - +0 rapier (speed)
rCold    + + +     Faith    .   (no shield)
rNeg     . . .     Spirit   .   a - +0 robe
rPois    .         Reflect  .   b - +1 helmet of Fuoffoyr {Rampage +Inv rC+++ Dex-3}
rElec    .         Harm     .   (no cloak)
rCorr    .         Rampage  +   l - +1 pair of gloves
Will     .....                  (no boots)
Stlth    ++........             (no amulet)
HPRegen  0.17/turn              (no ring)
MPRegen  0.14/turn              (no ring)

@: about to teleport
A: fangs 1, strong nose, distributed training
a: Evoke Invisibility


You were on level 4 of the Dungeon.
You visited 1 branch of the dungeon, and saw 4 of its levels.

You collected 95 gold pieces.

Inventory:

Hand Weapons
 c - a +0 club
 d - a +1 short sword of holy wrath
 f - a +0 rapier of speed (weapon)
 m - a +1 mace of protection
Armour
 a - a +0 robe (worn)
 b - the +1 helmet of Fuoffoyr (worn) {Rampage +Inv rC+++ Dex-3}
   (You acquired it on level 2 of the Dungeon)

   Dex:       It affects your dexterity (-3).
   rC:        It renders you almost immune to cold.
   +Inv:      It lets you turn invisible.
   Rampage:   It bestows one free step when moving towards enemies.
 l - a +1 pair of gloves (worn)
Scrolls
 g - 2 scrolls of vulnerability {unknown}
 h - a scroll of identify
 i - a scroll of enchant weapon
 j - a scroll of fear {unknown}
 n - a scroll of silence {unknown}


   Skills:
 + Level 2.4 Fighting
 + Level 2.4 Short Blades
 + Level 2.4 Long Blades
 + Level 2.4 Axes
 + Level 2.4 Maces & Flails
 + Level 2.4 Polearms
 + Level 2.4 Staves
 + Level 2.4 Slings
 + Level 2.4 Bows
 + Level 2.4 Crossbows
 + Level 2.4 Throwing
 + Level 2.4 Armour
 + Level 5.2 Dodging
 + Level 4.9 Stealth
 + Level 2.4 Shields
 + Level 2.4 Unarmed Combat
 + Level 5.6 Spellcasting
 + Level 2.9 Conjurations
 + Level 2.0 Hexes
 + Level 2.0 Summonings
 + Level 2.0 Necromancy
 + Level 2.0 Translocations
 + Level 2.0 Transmutations
 + Level 5.8 Fire Magic
 + Level 2.0 Ice Magic
 + Level 2.0 Air Magic
 + Level 2.0 Earth Magic
 + Level 2.0 Poison Magic
 + Level 2.7 Invocations
 + Level 2.4 Evocations


You had 16 spell levels left.
You knew the following spells:

 Your Spells              Type           Power      Damage    Failure   Level
a - Foxfire               Conj/Fire      76%        2x1d7     2%          1

Your spell library contained the following spells:

 Spells                   Type           Power      Damage    Failure   Level
 Conjure Flame            Conj/Fire      19%        6-21      7%          3
 Inner Flame              Hex/Fire       18%        N/A       9%          3
 Sticky Flame             Conj/Fire      19%        2d4       22%         4
 Fireball                 Conj/Fire      9%         3d6       52%         5


Dungeon Overview and Level Annotations

Branches:
Dungeon (4/15)
 Temple: D:4-7

Altars:
Kikubaaqudgha

Shops:
D:1 [:[=   D:2 (

Annotations:
D:4 Natasha


Innate Abilities, Weirdness & Mutations

You have very sharp teeth.
Your uncanny sense of smell can sniff out nearby items.
Your experience applies equally to all skills.


Message History

The orc is severely wounded.
The iron imp closely misses you. The orc hits you but does no damage.
Natasha barely misses you.
You conjure some foxfire!
The foxfire hits the iron imp.
The iron imp completely resists.
The foxfire hits the iron imp.
The iron imp completely resists.
The iron imp barely misses you. The orc barely misses you.
The foxfire hits the orc.
The orc is severely wounded.
Natasha barely misses you.
You conjure some foxfire!
The foxfire hits the howler monkey skeleton!
The howler monkey skeleton is moderately damaged.
The howler monkey skeleton barely misses you.
Natasha closely misses you. The iron imp misses you.
You conjure some foxfire!
The foxfire hits the orc.
The orc is almost dead.
The foxfire hits the iron imp.
The iron imp completely resists.
The orc priest miscasts a cantrip.
The orc barely misses you.
The howler monkey skeleton hits you but does no damage.
The orc hits you with a +0 club.
The foxfire hits the orc.
The orc is heavily wounded.
Natasha closely misses you. The iron imp hits you.
Unknown command.
You are too injured to fight recklessly!
The orc priest invokes the aid of Beogh against you.
Beogh smites you!
* * * LOW HITPOINT WARNING * * *
The orc hits you but does no damage. The orc completely misses you.
You aren't carrying any potions.
Unknown command.
As you read the scroll of teleportation, it crumbles to dust.
You feel strangely unstable. The iron imp closely misses you.
The orc hits you with a +0 short sword.
* * * LOW HITPOINT WARNING * * *
The howler monkey skeleton closely misses you.
The orc hits you but does no damage.
The iron imp disappears in a puff of smoke!
The orc hits you with a +0 short sword.
You die...

##### ...# #...######
###...### #####........#
#.......> ...##........#
#........ ##.###.......#
#........ #.# #....####
##o....... #.###....#
###.o.....# #..##...##
###.@.ho....#
##.#....####...#o§Z.(..#
#.#........<####.....##
#..........## .......# #
#...........# .........
###...........#
#........#
..†...........#
##.....#(#
#.)...........#
#....##.#
....).........#


You could see an orc priest, Natasha, 3 orcs and a howler monkey skeleton.

Vanquished Creatures
  A black bear (D:3)
  2 ogres (D:4)
  A centaur (D:4)
  Natasha (D:4)
  3 orc wizards
  Robin (D:3)
  3 gnolls (D:3)
  An adder (D:4)
  2 worms
  2 dart slugs (D:1)
  9 orcs
  7 bats
  3 endoplasms (D:1)
  2 giant cockroaches
  15 goblins
  6 hobgoblins
  A kobold (D:1)
  4 quokkas
  5 ball pythons
  5 frilled lizards
  4 rats
78 creatures vanquished.

Vanquished Creatures (collateral kills)
  19 foxfires
19 creatures vanquished.

Vanquished Creatures (others)
  364 foxfires
  4 plants (D:3)
368 creatures vanquished.

Grand Total: 465 creatures vanquished

Notes
Turn   | Place    | Note
-------+----------+-------------------------------------------
     0 | D:1      | BOMJPIETVODKU the Gnoll Fire Elementalist began the quest
                  | for the Orb.
     0 | D:1      | Reached XP level 1. HP: 13/13 MP: 6/6
   401 | D:1      | Reached XP level 2. HP: 15/20 MP: 1/7
   503 | D:1      | Found Cyf Amao's Jewellery Boutique.
   770 | D:1      | Found Reme's Book Shop.
   920 | D:1      | Found Mergh's Armour Shoppe.
   949 | D:1      | Reached XP level 3. HP: 25/25 MP: 3/9
  1220 | D:1      | Reached skill level 5 in Spellcasting
  1353 | D:1      | Found Oweoh's Armour Boutique.
  1977 | D:1      | Found a faded altar of an unknown god.
  2011 | D:2      | Reached skill level 1 in Invocations
  2054 | D:2      | Found an ancient bone altar of Kikubaaqudgha.
  2478 | D:2      | Found Ugresom's Antique Weapon Emporium.
  2628 | D:2      | Identified a scroll of acquirement
  2628 | D:2      | Acquired the +1 helmet of Fuoffoyr {Rampage +Inv rC+++
                  | Dex-3}
  2838 | D:3      | Noticed a black bear
  2846 | D:3      | Killed a black bear
  2847 | D:3      | Reached skill level 1 in Fighting
  2847 | D:3      | Reached skill level 1 in Short Blades
  2847 | D:3      | Reached skill level 1 in Long Blades
  2847 | D:3      | Reached skill level 1 in Axes
  2847 | D:3      | Reached skill level 1 in Maces & Flails
  2847 | D:3      | Reached skill level 1 in Polearms
  2847 | D:3      | Reached skill level 1 in Staves
  2847 | D:3      | Reached skill level 1 in Slings
  2847 | D:3      | Reached skill level 1 in Bows
  2847 | D:3      | Reached skill level 1 in Crossbows
  2847 | D:3      | Reached skill level 1 in Throwing
  2847 | D:3      | Reached skill level 1 in Armour
  2847 | D:3      | Reached skill level 1 in Shields
  2847 | D:3      | Reached skill level 1 in Unarmed Combat
  2847 | D:3      | Reached skill level 1 in Hexes
  2847 | D:3      | Reached skill level 1 in Summonings
  2847 | D:3      | Reached skill level 1 in Necromancy
  2847 | D:3      | Reached skill level 1 in Translocations
  2847 | D:3      | Reached skill level 1 in Transmutations
  2847 | D:3      | Reached skill level 1 in Ice Magic
  2847 | D:3      | Reached skill level 1 in Air Magic
  2847 | D:3      | Reached skill level 1 in Earth Magic
  2847 | D:3      | Reached skill level 1 in Poison Magic
  2847 | D:3      | Reached skill level 1 in Evocations
  2847 | D:3      | Reached XP level 4. HP: 32/32 MP: 3/11
  2847 | D:3      | Reached XP level 5. HP: 37/37 MP: 3/12
  3876 | D:3      | Noticed Robin
  3886 | D:3      | Killed Robin
  3887 | D:3      | Reached XP level 6. HP: 44/44 MP: 1/13
  4139 | D:4      | Reached skill level 5 in Dodging
  4253 | D:4      | Reached XP level 7. HP: 4/50 MP: 6/15
  4602 | D:4      | Noticed Natasha
  4650 | D:4      | Killed Natasha
  4746 | D:4      | Noticed Natasha
  4761 | D:4      | HP: 2/51 [orc (2)]
  4762 | D:4      | Slain by an orc

Illustrated notes

Levels and vault maps discovered:
D:1:      erik_arrival_orb_chamber, layout_loops_ring,
          shapermc_ecumenical_altar_hornbeckon, serial_shops, shop,
          nicolae_shop_competitors_out_of_business, nicolae_diamond_shop, shop
D:2:      layout_loops_cross, basic_altar, serial_shops, nicolae_lakefront_shop,
          minmay_pentomino_r2
D:3:      layout_loops_cross, chequers_hall_statues_y, serial_bayou_ford_a,
          uniq_robin
D:4:      layout_rooms, uniq_natasha, uniq_eustachio

Skill      XL: |  1  2  3  4  5  6  7 |
---------------+----------------------+-----
Conjurations   | 2 |  2.9
Spellcasting   | 5 |  5.6
Invocations    | 1 2 |  2.7
Fighting       | 1 2 |  2.4
Short Blades   | 1 2 |  2.4
Long Blades    | 1 2 |  2.4
Axes           | 1 2 |  2.4
Maces & Flails | 1 2 |  2.4
Polearms       | 1 2 |  2.4
Staves         | 1 2 |  2.4
Slings         | 1 2 |  2.4
Bows           | 1 2 |  2.4
Crossbows      | 1 2 |  2.4
Throwing       | 1 2 |  2.4
Armour         | 1 2 |  2.4
Shields        | 1 2 |  2.4
Unarmed Combat | 1 2 |  2.4
Hexes          | 1 2 |  2.0
Summonings     | 1 2 |  2.0
Necromancy     | 1 2 |  2.0
Translocations | 1 2 |  2.0
Transmutations | 1 2 |  2.0
Ice Magic      | 1 2 |  2.0
Air Magic      | 1 2 |  2.0
Earth Magic    | 1 2 |  2.0
Poison Magic   | 1 2 |  2.0
Evocations     | 1 2 |  2.4
Dodging        | 5 |  5.2
Stealth        | |  4.9
Fire Magic     | |  5.8

Action                   |  1- 3 |  4- 6 |  7- 9 || total
-------------------------+-------+-------+-------++-------
Melee: Club              |    15 |       |       ||    15
       Short sword       |     2 |       |       ||     2
       Bite              |     1 |       |       ||     1
       Rapier            |     1 |     4 |    17 ||    22
       Dagger            |     1 |       |       ||     1
 Cast: Foxfire           |   117 |   105 |    35 ||   257
  Use: Scroll            |     6 |       |     1 ||     7
       Potion            |       |       |     2 ||     2
 Stab: Sleeping          |     2 |       |       ||     2
Armor: Robe              |     1 |     4 |    14 ||    19
       Skin              |       |       |     7 ||     7
Dodge: Dodged            |    17 |     9 |    26 ||    52
